 Dungeon Crawl Stone Soup version 0.27.1-33-g824d729ab1 (webtiles) character file.

Game seed: 11973593009665395172

5 SensoryNuts the Skirmisher (level 1, -1/24 HPs)
             Began as an Ogre Monk on Dec 6, 2021.
             Was a Believer of Trog.
             Slain by a kobold (4 damage)
             ... on level 1 of the Dungeon.
             The game lasted 00:00:46 (386 turns).

SensoryNuts the Skirmisher (Ogre Monk)               Turns: 386, Time: 00:00:47

Health: -1/24      AC:  3    Str: 14    XL:     1   Next: 80%
Magic:  1/1        EV: 10    Int: 11    God:    Trog [**....]
Gold:   32         SH:  0    Dex: 11    Spells: 0/0 levels left

rFire    . . .     SeeInvis .   a - +0 hand axe
rCold    . . .     Faith    .   (no shield)
rNeg     . . .     Spirit   .   b - +0 robe
rPois    .         Reflect  .   (helmet restricted)
rElec    .         Harm     .   (no cloak)
rCorr    .         Rampage  .   (gloves unavailable)
Will     .....                  (boots unavailable)
Stlth    ++........             (no amulet)
HPRegen  0.08/turn              (no ring)
MPRegen  0.07/turn              (no ring)

@: no status effects
A: large, unfitting armour, tough skin 1
a: Renounce Religion, Berserk, Trog's Hand


You were on level 1 of the Dungeon.
You worshipped Trog.
Trog was pleased with you.
You visited 1 branch of the dungeon, and saw 1 of its levels.

You collected 32 gold pieces.

Inventory:

Hand Weapons
 a - a +0 hand axe (weapon)
 c - a +0 hunting sling
Armour
 b - a +0 robe (worn)
Potions
 d - a potion of lignification {unknown}


   Skills:
 + Level 4.1 Fighting
 + Level 3.1 Axes
 + Level 2.7 Dodging
 + Level 1.5 Stealth


You couldn't memorise any spells.
You didn't know any spells.
Your spell library contained the following spells:

 Spells                   Type           Power      Damage    Failure   Level
 Summon Small Mammal      Summ           0%         N/A       34%         1


Dungeon Overview and Level Annotations

Branches:
Dungeon (1/15)

Altars:
Trog


Innate Abilities, Weirdness & Mutations

You are too large for most types of armour.
You have tough skin. (AC +1)


Message History

The kobold shouts!
A jackal comes into view.
The jackal bites you but does no damage.
The jackal barely misses you.
You barely miss the jackal. x2; The jackal barely misses you.
You hit the jackal.
You kill the jackal!
Trog accepts your kill.
You closely miss the jackal. You hit the jackal but do no damage.
The jackal misses you. The jackal bites you. The jackal barely misses you. x2
You hit the jackal.
The jackal is heavily wounded.
You hit the jackal. You hit the jackal but do no damage.
The jackal bites you but does no damage.
The jackal bites you. x3
The jackal bites you but does no damage.
The kobold hits you with a +0 whip.
You hit the jackal but do no damage.
The jackal is severely wounded.
You hit the jackal but do no damage. x2; You hit the kobold but do no damage.
The jackal closely misses you.
The jackal bites you but does no damage.
The jackal closely misses you. x2; The kobold hits you with a +0 whip.
You are too injured to fight recklessly!
You are too injured to fight recklessly!
You are too injured to fight recklessly!
You are too injured to fight recklessly!
You are too injured to fight recklessly!
You are too injured to fight recklessly!
You hit the jackal but do no damage.
The jackal is severely wounded.
You hit the jackal. You barely miss the jackal. You closely miss the kobold.
The jackal closely misses you. The jackal misses you. The jackal bites you.
The kobold hits you with a +0 whip.
* * * LOW HITPOINT WARNING * * *
The jackal closely misses you. The jackal bites you.
* * * LOW HITPOINT WARNING * * *
The jackal bites you but does no damage.
The jackal barely misses you. The kobold hits you with a +0 whip.
You die...

.....#. #...... ....#.
#...... ......###......
#.......... # ##.##....[.
..##############..#......
..................#(.....
#...........##.##########
......hh@..##...♣♣#######
.......hK.##♣.<..♣#....##
..........# ♣....♣#....#.
.........(# ♣....♣#...##≈
......>...# ####..#.#+#≈≈
..........# #..#.#.#≈≈
#.........# #..#'###≈≈
##.....#..# #♣......≈≈
♣.....≈≈≈


You could see 3 jackals and a kobold.

Vanquished Creatures
  A hobgoblin (D:1)
  A jackal (D:1)
  2 bats (D:1)
  A rat (D:1)
5 creatures vanquished.

Vanquished Creatures (others)
  A fungus (D:1)
  A plant (D:1)
2 creatures vanquished.

Grand Total: 7 creatures vanquished

Notes
Turn   | Place    | Note
-------+----------+-------------------------------------------
     0 | D:1      | SensoryNuts the Ogre Monk began the quest for the Orb.
     0 | D:1      | Reached XP level 1. HP: 24/24 MP: 1/1
   301 | D:1      | Found a faded altar of an unknown god.
   308 | D:1      | Got Plato's Grimoire of Companions
   311 | D:1      | Became a worshipper of Trog the Wrathful
   311 | D:1      | Reached * piety under Trog
   311 | D:1      | Reached ** piety under Trog
   386 | D:1      | Slain by a kobold

Illustrated notes

Levels and vault maps discovered:
D:1:      sevenhm_arrival_forest_fort_small_5, layout_rooms,
          shapermc_ecumenical_altar_rom_forum, ebering_dispersal_statue_hall

Action                   || total
-------------------------++-------
Melee: Hand axe          ||    24
Armor: Robe              ||    18
Dodge: Dodged            ||    27
